 Dungeon Crawl Stone Soup version 0.27-a0-1391-g48c30b3128 (webtiles) character file.

Game seed: 16247363160940062152

204896 Nattfarinn the Slayer (level 18, -1/259 (274) HPs)
             Began as a Hill Orc Berserker on July 1, 2021.
             Was a High Priest of Trog.
             Slain by a deep troll (4 damage)
             ... led by an ironbound preserver
             ... on level 1 of the Vaults.
             The game lasted 01:11:17 (39123 turns).

Nattfarinn the Slayer (Hill Orc Berserker)         Turns: 39123, Time: 01:11:17

HP:   -1/259 (274)  AC: 19    Str: 27    XL:     18   Next: 66%
MP:   18/18         EV: 17    Int:  6    God:    Trog [*****.]
Gold: 3063          SH:  5    Dex: 20    Spells: 17/17 levels left

rFire    + + +     SeeInvis +   d - +7 war axe "Alene" {flame, +Rage rF++}
rCold    + . .     Faith    .   a - -4 buckler of Duck's Teeth {rPois rF+ Regen+}
rNeg     + . .     Spirit   .   s - +1 ring mail of Lilacs {Rampage Will+}
rPois    +         Reflect  +   B - +2 helmet
rElec    +         Harm     .   Q - +2 ratskin cloak {*Rats rPois rN+ Str-1 Int-1 Dex+1}
rCorr    +         Rampage  +   f - +1 pair of gloves of Fun and Games {rF+}
Will     ++++.                  (no boots)
Stlth    ..........             Z - amulet of reflection
HPRegen  2.53/turn              D - ring of Ynneafei {rPois rCorr Dex+6}
MPRegen  0.16/turn              p - ring of Moodiness {+Blink rElec rC+ Dex+3 SInv}

@: berserking, strong-willed, regenerating, drained, very quick
A: no striking features
}: 1/15 runes: gossamer
a: Renounce Religion, Evoke Blink, Evoke Berserk Rage, Berserk, Trog's Hand,
Brothers in Arms


You were on level 1 of the Vaults.
You worshipped Trog.
Trog was extremely pleased with you.
You visited 6 branches of the dungeon, and saw 29 of its levels.
You also visited: Sewer, Gauntlet and Ice Cave.

You collected 3063 gold pieces.

Inventory:

Hand Weapons
 d - the +7 war axe "Alene" (weapon) {flame, +Rage rF++}
   (You found it on level 1 of the Spider Nest)

   It has been specially enchanted to burn those struck by it, causing extra
   injury to most foes and up to half again as much damage against particularly
   susceptible opponents.
   Big, fiery blades are also staple armaments of hydra-hunters.
   rF:        It greatly protects you from fire.
   +Rage:     It lets you go berserk.
 n - a +5 vorpal battleaxe
Missiles
 q - 3 curare-tipped darts (quivered)
Armour
 a - the -4 buckler of Duck's Teeth (worn) {rPois rF+ Regen+}
   (You found it on level 8 of the Dungeon)

   rF:        It protects you from fire.
   rPois:     It protects you from poison.
   Regen:     It increases your rate of health regeneration.
 f - the +1 pair of gloves of Fun and Games (worn) {rF+}
   (You found it in a Gauntlet)

   rF:        It protects you from fire.
 s - the +1 ring mail of Lilacs (worn) {Rampage Will+}
   (You found it on level 5 of the Dungeon)

   Rampage:   It bestows one free step when moving towards enemies.
   Will:      It increases your willpower.
 w - +0 ice dragon scales
 B - a +2 helmet (worn)
 Q - the +2 ratskin cloak (worn) {*Rats rPois rN+ Str-1 Int-1 Dex+1}
   (You found it on level 1 of the Lair of Beasts)

   Str:       It affects your strength (-1).
   Int:       It affects your intelligence (-1).
   Dex:       It affects your dexterity (+1).
   rPois:     It protects you from poison.
   rN:        It protects you from negative energy.
Jewellery
 e - a +4 ring of protection
 g - a ring of positive energy
 k - the amulet of Xamm {*Corrode rPois Regen+ Dex+4}
   (You acquired it on level 2 of the Spider Nest)

   [amulet of regeneration]

   Dex:       It affects your dexterity (+4).
   rPois:     It protects you from poison.
   Regen:     It increases your rate of health regeneration.
   *Corrode:  It may corrode you when you take damage.
 p - the ring of Moodiness (right hand) {+Blink rElec rC+ Dex+3 SInv}
   (You acquired it on level 5 of the Lair of Beasts)

   [ring of see invisible]

   Dex:       It affects your dexterity (+3).
   rC:        It protects you from cold.
   rElec:     It insulates you from electricity.
   SInv:      It lets you see invisible.
   +Blink:    It lets you blink.
 A - a ring of willpower
 D - the ring of Ynneafei (left hand) {rPois rCorr Dex+6}
   (You found it on level 1 of the Vaults)

   [ring of poison resistance]

   Dex:       It affects your dexterity (+6).
   rPois:     It protects you from poison.
   rCorr:     It protects you from acid and corrosion.
 E - the ring "Viwnaute" {rF+ Str+2 SInv Stlth-}
   (You found it in an ice cave)

   [ring of see invisible]

   Str:       It affects your strength (+2).
   rF:        It protects you from fire.
   SInv:      It lets you see invisible.
   Stlth:     It makes you less stealthy.
 R - a ring of resist corrosion
 Z - an amulet of reflection (around neck)
Wands
 y - a wand of iceblast (28)
 C - a wand of digging (10)
 H - a wand of flame (34)
 O - a wand of acid (6)
 P - a wand of mindburst (11)
 S - a wand of paralysis (3)
 T - a wand of polymorph (24)
Scrolls
 j - 16 scrolls of teleportation
 v - a scroll of holy word
 z - a scroll of magic mapping
 J - 8 scrolls of fear
 K - 4 scrolls of fog
 L - a scroll of vulnerability
 N - 5 scrolls of immolation
 U - 3 scrolls of summoning
 W - 2 scrolls of torment
 X - 3 scrolls of enchant armour
 Y - 4 scrolls of identify
Potions
 b - 5 potions of attraction
 c - 5 potions of magic
 h - 4 potions of degeneration
 i - 14 potions of curing
 l - 7 potions of flight
 m - 6 potions of lignification
 o - 3 potions of resistance
 r - 4 potions of heal wounds
 t - 6 potions of might
 x - a potion of cancellation
 F - 2 potions of mutation
 G - 2 potions of berserk rage
 I - 2 potions of haste
 M - 12 potions of ambrosia
Miscellaneous
 u - a phantom mirror
 V - a box of beasts


   Skills:
 * Level 21.7 Fighting
 - Level 20.0 Axes
 - Level 15.4 Armour
 - Level 9.3 Dodging
 - Level 12.0 Evocations


You had 17 spell levels left.
You didn't know any spells.
Your spell library was empty.

Dungeon Overview and Level Annotations

Branches:
Dungeon (15/15)            Temple (0/1) D:6            Lair (6/6) D:10
  Swamp (1/4) Lair:2       Spider (4/4) Lair:4        Slime (0/5) Lair:6
    Orc (2/2) D:10            Elf (0/3) Orc:2        Vaults (1/5) D:13
 Depths (0/5) D:15          Sewer (visited)           IceCv (visited)
Gauntlet (visited)

Altars:
Cheibriados
Makhleb
Qazlal
Uskayaw
Wu Jian
Yredelemnul

Shops:
D:3 [   D:4 (   D:6 *   Orc:2 =**?

Annotations:
D:4 2 transporters


Message History

* * * LOW HITPOINT WARNING * * *
Unknown command.
A red film seems to cover your vision as you go berserk!
You feel yourself moving faster!
You feel mighty!
The deep troll bites you but does no damage.
The deep troll misses you. The deep troll claws you!
* * * LOW HITPOINT WARNING * * *
The deep troll bites you!
* * * LOW HITPOINT WARNING * * *
The deep troll claws you but does no damage.
The deep troll closely misses you. You block the vault warden's attack.
Unknown command.
You closely miss the deep troll.
The deep troll is severely wounded.
You slash the vault warden! You burn the vault warden.
You slash the deep troll! You burn the deep troll. The deep troll bites you!
* * * LOW HITPOINT WARNING * * *
The deep troll closely misses you. The deep troll claws you.
* * * LOW HITPOINT WARNING * * *
Unknown command.
You slice the deep troll!! You burn the deep troll.
You kill the deep troll!
Trog accepts your kill.
You barely miss the deep troll. You slash the vault warden!
You burn the vault warden.
The vault warden hits you with a +1 battleaxe of draining!!
* * * LOW HITPOINT WARNING * * *
You partially resist.
You feel drained.
* * * LOW HITPOINT WARNING * * *
Unknown command.
Okay, then.
You slash the deep troll! You burn the deep troll!
The deep troll is almost dead.
You slice the vault warden!! You burn the vault warden.
You kill the vault warden!
Trog accepts your kill.
Trog appreciates your killing of a magic user.
The runic seal fades away.
The deep troll misses you. The deep troll closely misses you.
The deep troll claws you.
You die...

########################
................[)......
................@Tc.....
####'################+##
#......# #......#
#.#''#.# ###≈≈###
#####≈≈### ..#.#''#.#
..'......#


You could see a deep troll and a yaktaur.

Vanquished Creatures
  Jorgrun (D:12)
  Donald (Spider:3)
  Kirke (D:14)
  3 vault wardens (Vaults:1)
  4 ghost moths (Spider:4)
  2 orc warlords
  3 ironbound preservers (Vaults:1)
  An emperor scorpion (Spider:4)
  A juggernaut zombie (D:15)
  A spark wasp (Spider:4)
  2 entropy weavers
  2 dire elephants (Lair:6)
  A minotaur (Gauntlet)
  An ettin (Orc:1)
  2 yaktaur captains (Vaults:1)
  4 vault guards (Vaults:1)
  Fannar (Lair:3)
  6 boulder beetles
  Erolcha (Orc:1)
  2 ice dragons (IceCv)
  4 hydras
  2 ironbound frosthearts (Vaults:1)
  7 centaur warriors
  Erica (D:8)
  A catoblepas (D:13)
  4 two-headed ogres
  3 death yaks (Lair:6)
  A tengu warrior (D:13)
  3 orc high priests (Orc:2)
  A vampire mage (D:15)
  2 spectral dire elephants (Lair:6)
  2 spectral death yaks (Lair:6)
  6 skeletal warriors
  9 deep trolls (Vaults:1)
  A spectral anaconda (Lair:6)
  2 glowing orange brains (Gauntlet)
  3 orc knights (Orc:2)
  An obsidian statue (Lair:6)
  4 wizards
  16 orb spiders
  An ironbound convoker (Vaults:1)
  5 harpies (Vaults:1)
  4 deep elf pyromancers
  24 wolf spiders
  A tengu skeleton (Vaults:1)
  5 necromancers
  31 ugly things
  2 lindwurms
  An oklob plant (Lair:4)
  9 cyclopes
  5 orc sorcerers
  A fire giant zombie (D:15)
  10 elephants
  A worldbinder (Gauntlet)
  A frost giant zombie (D:15)
  7 manticores
  A moth of wrath (Spider:4)
  2 ice statues (IceCv)
  A dire elephant zombie (Lair:6)
  Maurice (D:13)
  5 gargoyles
  7 black mambas
  A torpor snail (Lair:6)
  16 cane toads
  4 yaktaurs (Vaults:1)
  An unseen horror (D:10)
  2 efreet
  8 komodo dragons
  4 rime drakes
  12 demonic crawlers
  A tengu conjurer (D:15)
  A human zombie (Vaults:1)
  A guardian mummy (D:14)
  7 trolls
  3 polar bears
  A tyrant leech (Swamp:1)
  24 jumping spiders
  A queen bee (D:11)
  28 blink frogs
  A meliai zombie (D:10)
  4 slime creatures (Vaults:1)
  6 hornets
  5 spectral elephants (Lair:6)
  A deep troll zombie (D:15)
  69 redbacks
  A dire elephant simulacrum (Lair:6)
  A spriggan (Lair:4)
  A shadow (D:8)
  46 yaks
  30 tarantellas
  An ettin skeleton (Vaults:1)
  3 wraiths
  6 wyverns
  A neqoxec (Gauntlet)
  2 steam dragons (D:7)
  2 hogs (D:14)
  10 vampire mosquitoes
  A chaos spawn (Gauntlet)
  7 basilisks
  A death yak simulacrum (Lair:6)
  7 wargs
  A swamp worm (Swamp:1)
  4 spectral cane toads (Lair:6)
  3 acid dragons
  15 water moccasins
  3 black bears
  23 ice beasts
  22 orc warriors
  3 elephant zombies (Lair:6)
  A sky beast (D:8)
  6 necrophages
  11 wolves
  4 ogres
  3 boggarts (Gauntlet)
  20 centaurs
  2 elephant skeletons (Lair:6)
  7 kobold brigands (Sewer)
  15 bullfrogs
  3 scorpions
  2 wyvern zombies
  5 cane toad simulacra (Lair:6)
  A gnoll sergeant (D:7)
  A water moccasin zombie (D:5)
  23 killer bees (D:11)
  An elephant simulacrum (Lair:6)
  13 wights
  4 howler monkeys
  7 electric eels
  7 centaur zombies
  2 bullfrog zombies
  4 jellies
  2 hounds
  12 orc priests
  18 orc wizards
  6 iguanas
  2 killer bee zombies
  A mummy (D:11)
  4 howler monkey zombies
  4 gnolls (D:7)
  15 adders
  A howler monkey skeleton (D:4)
  A river rat (Sewer)
  A white imp (D:4)
  2 ufetubi
  An adder skeleton (D:2)
  5 worms
  3 dart slugs
  41 orcs
  9 ball pythons
  15 endoplasms
  3 giant cockroaches (D:1)
  4 goblins
  6 hobgoblins
  3 jackals (D:2)
  2 quokkas (D:1)
  6 bats
  4 frilled lizards
  8 kobolds
  13 rats
  2 fungi
  A plant (Lair:1)
  A withered plant (Lair:6)
971 creatures vanquished.

Vanquished Creatures (collateral kills)
  Agnes (Spider:4)
  An emperor scorpion (Spider:4)
  A spark wasp (Spider:4)
  Josephine (D:12)
  A hydra (D:11)
  A deep troll (Vaults:1)
  An orc knight (Orc:2)
  An ironbound convoker (Vaults:1)
  3 wolf spiders (Spider:4)
  2 orb spiders (Spider:4)
  An ugly thing (D:14)
  3 jumping spiders
  A hornet (Spider:4)
  2 tarantellas (Spider:4)
  2 redbacks (Spider:4)
  2 yaks (Lair:5)
  A wraith (D:12)
  2 killer bees (D:11)
27 creatures vanquished.

Vanquished Creatures (others)
  A bloated husk (Swamp:1)
  A jumping spider (Spider:4)
  A wyvern (Lair:6)
  A tarantella (Spider:4)
  25 fungi
  36 plants
  32 withered plants
97 creatures vanquished.

Grand Total: 1095 creatures vanquished

Notes
Turn   | Place    | Note
-------+----------+-------------------------------------------
     0 | D:1      | Nattfarinn the Hill Orc Berserker began the quest for the
                  | Orb.
     0 | D:1      | Reached XP level 1. HP: 19/19 MP: 1/1
   151 | D:1      | Reached XP level 2. HP: 27/27 MP: 2/2
   394 | D:1      | Reached skill level 4 in Fighting
   419 | D:1      | Reached XP level 3. HP: 32/33 MP: 3/3
   437 | D:1      | Reached ** piety under Trog
   505 | D:1      | Reached skill level 5 in Axes
   922 | D:2      | Found a faded altar of an unknown god.
  1054 | D:2      | Reached XP level 4. HP: 30/40 MP: 4/4
  1625 | D:3      | Found Lusymuhe's Antique Armour Emporium.
  2238 | D:4      | Reached XP level 5. HP: 42/47 MP: 5/5
  2420 | D:4      | Found Achi's Weapon Shoppe.
  2486 | D:4      | Found a glowing drain.
  2506 | Sewer    | Entered a sewer
  2555 | Sewer    | Noticed a kobold brigand
  2568 | Sewer    | Killed a kobold brigand
  2569 | Sewer    | Reached skill level 5 in Fighting
  2569 | Sewer    | Reached XP level 6. HP: 33/56 MP: 6/6
  3590 | Sewer    | Reached XP level 7. HP: 61/61 MP: 7/7
  3604 | Sewer    | Reached *** piety under Trog
  3969 | Sewer    | Reached skill level 6 in Fighting
  4376 | D:4      | Reached skill level 5 in Armour
  4559 | D:4      | Found a transporter.
  4609 | D:4      | Found a transporter.
  4969 | D:5      | Entered Level 5 of the Dungeon
  5091 | D:5      | Reached XP level 8. HP: 68/71 MP: 8/8
  5895 | D:5      | Reached skill level 7 in Fighting
  5895 | D:5      | Reached skill level 10 in Axes
  6229 | D:5      | Reached XP level 9. HP: 75/79 MP: 9/9
  6998 | D:6      | Found a staircase to the Ecumenical Temple.
  7103 | D:6      | Found Teuschau's Neck Hole.
  7226 | D:6      | Reached skill level 8 in Fighting
  7257 | D:6      | Found a snail-covered altar of Cheibriados.
  8369 | D:7      | Reached **** piety under Trog
  8603 | D:7      | Found a basalt altar of Yredelemnul.
  8966 | D:8      | Noticed Erica
  8977 | D:8      | Killed Erica
  8978 | D:8      | Reached skill level 9 in Fighting
  8978 | D:8      | Reached XP level 10. HP: 91/91 MP: 10/10
  9165 | D:8      | Identified the -4 buckler of Duck's Teeth {rPois rF+
                  | Regen+}
 10845 | D:9      | Found a burning altar of Makhleb.
 10845 | D:9      | Noticed a green death
 10848 | D:9      | Noticed a smoke demon
 10954 | D:9      | Found a stormy altar of Qazlal.
 11069 | D:9      | Noticed a two-headed ogre
 11082 | D:9      | Killed a two-headed ogre
 11083 | D:9      | Reached skill level 10 in Fighting
 11597 | D:10     | Entered Level 10 of the Dungeon
 11643 | D:10     | Reached XP level 11. HP: 34/101 MP: 11/11
 11913 | D:10     | Found a staircase to the Lair.
 11960 | D:10     | Reached skill level 15 in Axes
 12766 | D:10     | Found a staircase to the Orcish Mines.
 12787 | D:10     | Noticed a two-headed ogre
 12794 | D:10     | Killed a two-headed ogre
 12921 | D:10     | Reached skill level 11 in Fighting
 13134 | D:11     | Reached skill level 10 in Armour
 13234 | D:11     | Noticed a centaur warrior
 13245 | D:11     | Killed a centaur warrior
 13245 | D:11     | Reached ***** piety under Trog
 13703 | D:11     | Reached skill level 5 in Dodging
 13819 | D:11     | Reached XP level 12. HP: 110/110 MP: 12/12
 14462 | D:11     | Noticed an eight-headed hydra
 14470 | D:11     | Killed an eight-headed hydra
 15352 | D:12     | Noticed Jorgrun
 15353 | D:12     | Noticed Josephine
 15359 | D:12     | Killed Jorgrun
 15361 | D:12     | Killed Josephine
 15452 | D:12     | Noticed a boulder beetle
 15591 | D:12     | Noticed a two-headed ogre
 15600 | D:12     | Killed a two-headed ogre
 15830 | D:12     | Noticed a boulder beetle
 15843 | D:12     | Killed a boulder beetle
 15844 | D:12     | Reached XP level 13. HP: 66/116 MP: 13/13
 16722 | Lair:1   | Entered Level 1 of the Lair of Beasts
 16775 | Lair:1   | Identified the +6 dagger "Xyonufe" {elec, rF++ Str-4 Int+6}
 16900 | Lair:1   | Found the +2 ratskin cloak {*Rats rPois rN+ Str-1 Int-1
                  | Dex+1}
 17068 | Lair:1   | Received a gift from Trog
 18448 | Lair:2   | Found a staircase to the Swamp.
 19094 | Lair:3   | You fall into a shaft and drop 1 floor!
 19559 | Lair:4   | Found a hole to the Spider Nest.
 20286 | Lair:5   | Reached XP level 14. HP: 124/124 MP: 14/14
 20372 | Lair:5   | Found a hide-covered altar of Uskayaw.
 20375 | Lair:5   | Found an ornate altar of the Wu Jian Council.
 21164 | Lair:5   | Identified a scroll of acquirement
 21169 | Lair:5   | Acquired the ring of Moodiness {+Blink rElec rC+ Dex+3
                  | SInv}
 21315 | Lair:6   | Entered Level 6 of the Lair of Beasts
 21484 | Lair:6   | Received a gift from Trog
 21793 | Lair:6   | Reached skill level 12 in Fighting
 21904 | Lair:6   | Found a staircase to the Slime Pits.
 22144 | Lair:6   | Noticed a dire elephant
 22145 | Lair:6   | Noticed a dire elephant
 22443 | Lair:6   | Reached skill level 13 in Fighting
 23002 | Lair:6   | Reached XP level 15. HP: 136/137 MP: 15/15
 23013 | Lair:6   | Reached skill level 14 in Fighting
 23399 | Lair:6   | Received a gift from Trog
 24344 | Lair:3   | Noticed Fannar
 24359 | Lair:3   | Killed Fannar
 24375 | Lair:3   | Reached skill level 15 in Fighting
 25517 | Orc:1    | Entered Level 1 of the Orcish Mines
 25692 | Orc:1    | Noticed Erolcha
 25696 | Orc:1    | Killed Erolcha
 26060 | Orc:2    | Entered Level 2 of the Orcish Mines
 26074 | Orc:2    | Noticed an orc warlord
 26104 | Orc:2    | Killed an orc warlord
 26269 | Orc:2    | Found a staircase to the Elven Halls.
 26579 | Orc:2    | Found Valueduh's Magic Scroll Shoppe.
 26883 | Orc:2    | Paralysed by an orc sorcerer for 2 turns
 27140 | Orc:2    | Reached skill level 16 in Fighting
 27211 | Orc:2    | Found Ucziaf's General Store.
 27223 | Orc:2    | Found Ownetast's Assorted Antiques.
 27223 | Orc:2    | Found Joolapte's Jewellery Boutique.
 27224 | Orc:2    | Received a gift from Trog
 27661 | Orc:1    | Noticed an orc warlord
 27667 | Orc:1    | Killed an orc warlord
 28333 | D:5      | Identified the +1 ring mail of Lilacs {Rampage Will+}
 28611 | Spider:1 | Entered Level 1 of the Spider Nest
 29049 | Spider:1 | Reached skill level 15 in Armour
 29179 | Spider:1 | Reached XP level 16. HP: 152/154 MP: 16/16
 29193 | Spider:1 | Reached skill level 17 in Fighting
 30487 | Spider:2 | Reached ****** piety under Trog
 30541 | Spider:2 | Acquired the amulet of Xamm {*Corrode rPois Regen+ Dex+4}
 30939 | Spider:3 | Reached skill level 1 in Evocations
 30945 | Spider:3 | Received a gift from Trog
 31299 | Spider:3 | Noticed Donald
 31306 | Spider:3 | Killed Donald
 31307 | Spider:3 | Reached skill level 5 in Evocations
 31490 | Spider:3 | Received a gift from Trog
 31973 | D:13     | Found a gate leading to a gauntlet.
 31979 | Gauntlet | Entered a Gauntlet
 31979 | Gauntlet | Found a transporter.
 31986 | Gauntlet | Found a transporter.
 31989 | Gauntlet | Found a transporter.
 32000 | Gauntlet | Found a transporter.
 32001 | Gauntlet | Found the +7 Kryia's mail coat {PotionHeal*2 rC+}
 32003 | Gauntlet | Found a transporter.
 32016 | Gauntlet | Found a transporter.
 32030 | Gauntlet | Found a runed translucent door.
 32032 | Gauntlet | Found a transporter.
 32034 | Gauntlet | Found a runed translucent door.
 32043 | Gauntlet | Found a transporter.
 32050 | Gauntlet | Found a runed translucent door.
 32056 | Gauntlet | Found a transporter.
 32069 | Gauntlet | Found a transporter.
 32084 | Gauntlet | Found a transporter.
 32084 | Gauntlet | Found a transporter.
 32127 | Gauntlet | Found a transporter.
 32141 | Gauntlet | Found a transporter.
 32415 | Gauntlet | Identified the +1 pair of gloves of Fun and Games {rF+}
 32456 | Gauntlet | Identified the +7 quick blade "Aponkuw" {pain, *Corrode Fly
                  | rN+ Dex+2}
 32457 | Gauntlet | Found the +5 robe of Misfortune {Contam Harm *Corrode Drain
                  | *Slow EV+5}
 32486 | Gauntlet | Identified the +3 trident of Egomania {freeze, rF+}
 32749 | D:13     | Found a gate to the Vaults.
 33040 | D:13     | Noticed Maurice
 33048 | D:13     | Killed Maurice
 33664 | Spider:1 | Identified the +7 war axe "Alene" {flame, +Rage rF++}
 33952 | D:14     | Found a frozen archway.
 33977 | D:14     | Reached XP level 17. HP: 130/163 MP: 17/17
 33982 | IceCv    | Entered an ice cave
 34011 | IceCv    | Received a gift from Trog
 34012 | IceCv    | Reached skill level 10 in Evocations
 34328 | IceCv    | Identified the ring "Viwnaute" {rF+ Str+2 SInv Stlth-}
 34860 | D:14     | Noticed Kirke
 34878 | D:14     | Killed Kirke
 35307 | D:15     | Entered Level 15 of the Dungeon
 35424 | D:15     | Found a staircase to the Depths.
 35594 | D:15     | Reached skill level 18 in Fighting
 35766 | D:15     | Received a gift from Trog
 36066 | Swamp:1  | Entered Level 1 of the Swamp
 36263 | Spider:4 | Entered Level 4 of the Spider Nest
 36454 | Spider:4 | Noticed Agnes
 36470 | Spider:4 | Killed Agnes
 36751 | Spider:4 | Reached skill level 19 in Fighting
 37145 | Spider:4 | Reached XP level 18. HP: 158/178 MP: 18/18
 37161 | Spider:4 | Paralysed by a hornet for 1 turns
 37445 | Spider:4 | Got a gossamer rune of Zot
 37492 | Spider:4 | Reached skill level 20 in Fighting
 38038 | Vaults:1 | Entered Level 1 of the Vaults
 38067 | Vaults:1 | HP: 8/178 [deep troll[an ironbound preserver] (21)]
 38338 | Vaults:1 | Identified the ring of Ynneafei {rPois rCorr Dex+6}
 38349 | Vaults:1 | Received a gift from Trog
 38705 | Vaults:1 | Reached skill level 21 in Fighting
 39122 | Vaults:1 | HP: 4/262 [vault warden (20)]
 39123 | Vaults:1 | Slain by a deep troll

Illustrated notes

Levels and vault maps discovered:
D:1:      dpeg_arrival_connections, layout_loops_ring
D:2:      layout_rooms, ebering_ecumenical_altar_hall, nrook_mini_backslash,
          kennysheep_donut
D:3:      layout_loops_ring, serial_shops, nicolae_lakefront_shop
D:4:      gammafunk_steamed_eel, layout_basic, cheibrodos_sewer_entry_bend,
          serial_shops, nicolae_inconvenience_store
D:5:      layout_gridville, minivault_27
D:6:      layout_basic, cheibrodos_worm_habitat, minmay_temple_entry_slanted,
          nicolae_shop_sticking_my_neck_out
D:7:      layout_basic, lemuel_round_altar, dk_vineyard_3,
          minmay_misc_feat_doors
D:8:      layout_cave_pods, minmay_crystal_water, hangedman_decor_growths,
          uniq_erica
D:9:      layout_long_grid, lemuel_coloured_pillars_altar,
          makhleb_altar_promises_db
D:10:     layout_basic, minmay_lair_entry_grove, orc_0_dummy
D:11:     layout_loops_ring, special_room [special_room_bee], serial_undead,
          serial_undead_d, serial_undead_f, serial_undead_d, serial_undead_b,
          serial_undead_b, serial_undead_f,
          hangedman_abyss_or_decor_jellyfish_corner, minivault_22,
          serial_bayou_pond_e
D:12:     layout_basic, bh_hangedman_babel_library, uniq_josephine, uniq_jorgrun
D:13:     kennysheep_spiral_hall, layout_stronghold, gauntlet_entry_generic,
          hangedman_decor_opposing, uniq_maurice
D:14:     layout_basic, amethyst_killhole, portal_ice_cave_entry_ice_beasts,
          uniq_kirke
D:15:     gammafunk_depths_entry_grave, layout_basic
Lair:1:   layout_cave_pods, grunt_megastairs_4
Lair:2:   layout_regular_city, minmay_swamp_entry_swarm
Lair:3:   layout_regular_city, minmay_lindwurm_lava, serial_bayou_shore_a,
          uniq_fannar
Lair:4:   layout_regular_city, nicolae_spider_entry_tight_spaces,
          minmay_lair_oklob_bushes, grunt_forest_stairs_clearing,
          lemuel_fruit_tree
Lair:5:   layout_roguey, nzn_masters_of_martial_movement
Lair:6:   due_jungle_book, layout_loops_ring, nicolae_slime_entry_slimehenge,
          grunt_megastairs_2
Swamp:1:  layout_basic_swamp, evilmike_swamp_ruin_rubble_2
Spider:1: layout_spider_delve, nicolae_spider_wall_of_niches
Spider:2: layout_spider_delve, nicolae_spider_spiderdrome
Spider:3: layout_spider_delve, nicolae_spider_baby_got_redback, uniq_donald
Spider:4: grunt_spider_rune_island, uniq_agnes
Orc:1:    layout_caves, uniq_erolcha
Orc:2:    st_orc_elflike, layout_diamond_mine
Vaults:1: vaults_room_stairs_pillars, ontoclasm_vaults_misaligned,
          hangedman_vaults_pinch, ontoclasm_vaults_echo,
          vaults_room_grunt_arrival_checkpoint,
          ontoclasm_vaults_decontamination, vaults_dpeg_ring,
          nicolae_vaults_little_squares_2, grunt_vaults_twisty, v_misc_18,
          vaults_room_door_hall, nicolae_vaults_mini_display_case,
          layout_vaults_omnigrid

Skill      XL: |  1  2  3  4  5  6  7  8  9 10 11 12 13 14 15 16 17 18 |
---------------+-------------------------------------------------------+-----
Fighting       | 4 5 6 7 9 10 11 13 16 17 19 21 | 21.7
Axes           | 5 6 7 9 10 13 14 15 19 20 | 20.0
Armour         | 3 4 5 6 8 9 10 12 13 15 | 15.4
Dodging        | 5 8 9 |  9.3
Evocations     | 9 12 | 12.0

Action                   |  1- 3 |  4- 6 |  7- 9 | 10-12 | 13-15 | 16-18 || total
-------------------------+-------+-------+-------+-------+-------+-------++-------
Melee: Hand axe          |     8 |       |       |       |       |       ||     8
       Short sword       |   114 |   214 |   123 |       |       |       ||   451
       Battleaxe         |       |       |   181 |   358 |   725 |   279 ||  1543
       War axe           |       |       |       |       |       |   830 ||   830
Throw: Dart              |       |     1 |     1 |       |       |    11 ||    13
Invok: Berserk           |       |     5 |     8 |     4 |     9 |     3 ||    29
       Trog's Hand       |       |     3 |     4 |     3 |     5 |     7 ||    22
       Brothers in Arms  |       |       |       |     3 |     2 |     5 ||    10
Evoke: Wand              |       |       |       |       |    22 |       ||    22
  Use: Scroll            |       |     1 |       |    16 |    14 |    12 ||    43
       Potion            |       |       |     3 |     2 |       |     6 ||    11
 Stab: Sleeping          |     1 |       |       |       |       |       ||     1
       Distracted        |       |       |       |       |    14 |     4 ||    18
Armor: Animal skin       |    45 |    15 |       |       |       |       ||    60
       Chain mail        |       |   112 |   216 |   177 |       |       ||   505
       Acid dragon scale |       |       |       |   128 |   203 |       ||   331
       Ring mail         |       |       |       |       |     9 |   548 ||   557
Dodge: Dodged            |    69 |    85 |   149 |   273 |   338 |   750 ||  1664
Block: Other             |       |       |       |       |    31 |    16 ||    47
       Reflection        |       |       |       |       |     2 |     3 ||     5
       Buckler           |       |       |       |       |       |    97 ||    97

Table legend: (Time is in decaauts)
 A = Elapsed time spent in this place.
 B = Non-inter-level travel time spent in this place.
 C = Inter-level travel time spent in this place.
 D = Time resting spent in this place.
 E = Time spent auto-exploring this place.
 F = Levels seen in this place.
 G = Mean time per level.
                   A        B        C        D        E       F      G
               +--------+--------+--------+--------+--------+-----+--------+
         Total |  39307 |  36561 |   2746 |   7535 |  23610 |  32 | 1228.3 |
       Dungeon |  18336 |  17012 |   1324 |   3472 |  11417 |  15 | 1222.4 |
          Lair |   9446 |   8490 |    956 |   1422 |   6047 |   6 | 1574.3 |
         Swamp |     37 |     37 |      0 |      0 |     13 |   1 |   37.0 |
   Spider Nest |   4771 |   4425 |    346 |    600 |   2990 |   4 | 1192.8 |
  Orcish Mines |   2672 |   2557 |    115 |    952 |   1300 |   2 | 1336.0 |
        Vaults |   1045 |   1042 |      3 |    177 |    631 |   1 | 1045.0 |
         Sewer |   2019 |   2019 |      0 |    887 |    701 |   1 | 2019.0 |
      Ice Cave |    448 |    448 |      0 |     12 |    244 |   1 |  448.0 |
      Gauntlet |    530 |    530 |      0 |     10 |    263 |   1 |  530.0 |
               +--------+--------+--------+--------+--------+-----+--------+

Top non-repeatable levels by time:
  Lair:6: 2417 daAuts
    D:11: 2294 daAuts
     D:5: 2101 daAuts
   Sewer: 2019 daAuts
  Lair:3: 1725 daAuts
     D:8: 1719 daAuts
   Orc:2: 1631 daAuts
  Lair:1: 1500 daAuts
Spider:1: 1462 daAuts
  Lair:4: 1459 daAuts
    D:10: 1442 daAuts
    D:12: 1421 daAuts
Spider:4: 1303 daAuts
     D:9: 1262 daAuts
     D:7: 1261 daAuts
